 Dungeon Crawl Stone Soup version 0.29-a0-409-gd843f3a48c (webtiles) character file.

Game seed: 1932728173635996417

78 happo123 the Digger (level 4, -1/24 HPs)
             Began as a Gargoyle Earth Elementalist on May 13, 2022.
             Slain by an ice beast (10 damage)
             ... on level 3 of the Dungeon.
             The game lasted 00:09:13 (1976 turns).

happo123 the Digger (Gargoyle Earth Elementalist)   Turns: 1976, Time: 00:09:14

Health: -1/24      AC:  7    Str: 12    XL:     4   Next: 36%
Magic:  2/8        EV: 11    Int: 17    God:
Gold:   131        SH:  0    Dex: 10    Spells: 4/8 levels left

rFire   . . .      SeeInvis .   (no weapon)
rCold   . . .      Faith    .   (no shield)
rNeg    + . .      Spirit   .   f - +0 leather armour
rPois   ∞          Reflect  .   (no helmet)
rElec   +          Harm     .   i - +0 cloak
rCorr   .          Rampage  .   (no gloves)
Will    .....                   (no boots)
Stlth   ++........              (no amulet)
HPRegen 0.08/turn               l - ring of flight
MPRegen 0.11/turn               (no ring)

@: flying
A: sickness immunity, AC +3, negative energy resistance 1, electricity
resistance, torment resistance 1, petrification resistance
a: no special abilities


You were on level 3 of the Dungeon.
You visited 1 branch of the dungeon, and saw 3 of its levels.

You collected 131 gold pieces.

Inventory:

Hand Weapons
 r - the +9 dagger of Ceurelach {freeze, SInv}
   (You found it on level 3 of the Dungeon)

   It freezes those it strikes, dealing additional cold damage.
   It can also slow down cold-blooded creatures.
   SInv:      It lets you see invisible.
Missiles
 a - 44 stones
 j - 2 throwing nets
Armour
 b - a +0 robe
 f - a +0 leather armour (worn)
 i - a +0 cloak (worn)
 p - a scarf of resistance
Jewellery
 l - a ring of flight (left hand)
Wands
 m - a wand of paralysis (7)
Scrolls
 g - a scroll of torment {unknown}
 h - 3 scrolls of identify {unknown}
 k - a scroll of enchant weapon {unknown}
 o - 2 scrolls of blinking {unknown}
Potions
 c - a potion of magic
 d - 2 potions of curing {unknown}
 e - 3 potions of heal wounds {unknown}
 n - a potion of haste {unknown}
 q - a potion of mutation {unknown}
 s - a potion of attraction {unknown}


   Skills:
 + Level 0.1 Armour
 + Level 2.2 Dodging
 + Level 2.3 Stealth
 + Level 0.8 Unarmed Combat
 + Level 2.9 Spellcasting
 + Level 0.7 Transmutations
 + Level 4.4 Earth Magic


You had 4 spell levels left.
You knew the following spells:

 Your Spells              Type           Power      Damage    Failure   Level
a - Sandblast             Erth           34%        2d9       3%          1
b - Stone Arrow           Conj/Erth      20%        3d8       26%         3

Your spell library contained the following spells:

 Spells                   Type           Power      Damage    Failure   Level
 Passwall                 Tmut/Erth      9%         N/A       12%         2
 Sting                    Tmut/Pois      12%        1d3       19%         1
 Animate Skeleton         Necr           4%         N/A       22%         1
 Pain                     Necr           8%         1d4       22%         1
 Poisonous Vapours        Pois/Air       4%         N/A       34%         2
 Vampiric Draining        Necr           2%         2d6       56%         3
 Petrify                  Tmut/Erth      11%        N/A       61%         4
 Olgreb's Toxic Radiance  Pois           2%         N/A       92%         4
 Freezing Cloud           Conj/Ice/Air   1%         6-21      99%         5
 Malign Gateway           Summ/Tloc      1%         N/A       100%        7
 Spellforged Servitor     Conj/Summ      1%         N/A       100%        7


Dungeon Overview and Level Annotations

Branches:
Dungeon (3/15)

Altars:
Xom


Innate Abilities, Weirdness & Mutations

You are immune to sickness and miasma.
Your stone body is resilient. (AC +3)
You are immune to poison.
You resist negative energy. (rN+)
You are resistant to electric shocks. (rElec)
You are resistant to unholy torment.
You are immune to petrification.


Message History

The ice beast is severely wounded.
The ice beast closely misses you.
You hit the ice beast but do no damage.
The ice beast is severely wounded.
The ice beast hits you. The ice beast freezes you!
You hit the ice beast.
The ice beast is severely wounded.
The ice beast barely misses you.
You hit the ice beast but do no damage.
The ice beast is severely wounded.
The ice beast hits you but does no damage.
You hit the ice beast but do no damage.
The ice beast is severely wounded.
The ice beast hits you but does no damage.
You barely miss the ice beast.
The ice beast is severely wounded.
The ice beast closely misses you.
You hit the ice beast but do no damage.
The ice beast is severely wounded.
The ice beast hits you but does no damage.
You hit the ice beast but do no damage.
The ice beast is severely wounded.
The ice beast hits you but does no damage.
You closely miss the ice beast.
The ice beast is severely wounded.
The ice beast barely misses you.
You closely miss the ice beast.
The ice beast is severely wounded.
The ice beast hits you but does no damage.
You hit the ice beast but do no damage.
You punch the ice beast, but do no damage.
The ice beast is severely wounded.
The ice beast hits you but does no damage.
You barely miss the ice beast.
The ice beast is severely wounded.
The ice beast closely misses you.
You hit the ice beast but do no damage.
The ice beast is severely wounded.
The ice beast hits you. The ice beast freezes you!
You die...

#.........# #.........##
#...........
#.....)...##
#........... ..
#..÷......##
....###########....###..
......Y.............†..#
#@##.............#
######.#...............
.................#######
.######....###.#........
######.###.##.....##
#....<........######
#.####.##..#### #... #.#
#.##...#####... ######.#
##.#..#....##...


You could see an ice beast.

Vanquished Creatures
  2 adders
  4 dart slugs
  2 orcs (D:3)
  2 ball pythons (D:2)
  7 bats
  5 endoplasms
  2 giant cockroaches
  5 goblins
  3 hobgoblins
  2 jackals (D:1)
  3 frilled lizards (D:2)
  6 kobolds
  6 rats
49 creatures vanquished.

Notes
Turn   | Place    | Note
-------+----------+-------------------------------------------
     0 | D:1      | happo123 the Gargoyle Earth Elementalist began the quest
                  | for the Orb.
     0 | D:1      | Reached XP level 1. HP: 10/10 MP: 3/3
    73 | D:1      | Reached XP level 2. HP: 7/15 MP: 0/5
   116 | D:1      | Got Sif Muna's Disquisition on the Creative Frostbite
   164 | D:1      | Reached skill level 4 in Earth Magic
   569 | D:2      | Reached XP level 3. HP: 19/19 MP: 2/6
   584 | D:2      | Learned a level 3 spell: Stone Arrow
   799 | D:2      | Found a faded altar of an unknown god.
  1014 | D:2      | Found a shimmering altar of Xom.
  1514 | D:3      | Reached XP level 4. HP: 24/24 MP: 6/8
  1777 | D:3      | Identified the +9 dagger of Ceurelach {freeze, SInv}
  1955 | D:3      | Noticed an ice beast
  1976 | D:3      | Slain by an ice beast

Illustrated notes

Levels and vault maps discovered:
D:1:      dpeg_arrival_radiant, layout_rooms
D:2:      layout_basic, chequers_ecumenical_altar_simple, basic_altar,
          serial_park_tiny_1
D:3:      layout_rooms

Skill      XL: |  1  2 |
---------------+-------+-----
Earth Magic    | 4 |  4.4
Dodging        | 2 |  2.2
Armour         | |  0.1
Stealth        | |  2.3
Unarmed Combat | |  0.8
Spellcasting   | |  2.9
Transmutations | |  0.7

Action                   |  1- 3 |  4- 6 || total
-------------------------+-------+-------++-------
Melee: Unarmed           |    33 |    21 ||    54
       Punch             |       |     1 ||     1
 Cast: Sandblast         |    53 |    17 ||    70
       Stone Arrow       |     1 |     2 ||     3
 Stab: Sleeping          |     4 |       ||     4
Armor: Robe              |    10 |       ||    10
       Leather armour    |    20 |    13 ||    33
Dodge: Dodged            |    42 |    13 ||    55

Table legend: (Time is in decaauts)
 A = Elapsed time spent in this place.
 B = Non-inter-level travel time spent in this place.
 C = Inter-level travel time spent in this place.
 D = Time resting spent in this place.
 E = Time spent auto-exploring this place.
 F = Levels seen in this place.
 G = Mean time per level.
                   A        B        C        D        E       F      G
               +--------+--------+--------+--------+--------+-----+--------+
         Total |   1974 |   1679 |    295 |     49 |   1287 |   3 |  658.0 |
       Dungeon |   1974 |   1679 |    295 |     49 |   1287 |   3 |  658.0 |
               +--------+--------+--------+--------+--------+-----+--------+

Top non-repeatable levels by time:
     D:2: 818 daAuts
     D:3: 687 daAuts
     D:1: 469 daAuts
